 Dungeon Crawl Stone Soup version 0.21-a0-521-g1cd18d1 (webtiles) character file.

266 Gerstahl the Insei (level 6, -1/48 HPs)
             Began as a Demonspawn Transmuter on Dec 5, 2017.
             Slain by a hound (3 damage)
             ... on level 4 of the Dungeon.
             The game lasted 00:06:28 (3735 turns).

Gerstahl the Insei (Demonspawn Transmuter)          Turns: 3735, Time: 00:06:29

Health: -1/48      AC:  5    Str: 12    XL:     6   Next: 0%
Magic:  9/9        EV: 12    Int: 15    God:
Gold:   105        SH:  0    Dex: 13    Spells: 8/9 levels left

rFire    . . .     SeeInvis .     - Unarmed
rCold    + . .     Gourm    .   (no shield)
rNeg     . . .     Faith    .   b - +1 robe
rPois    +         Spirit   .   (no helmet)
rElec    .         Reflect  .   (no cloak)
rCorr    .         Harm     .   (no gloves)
MR       .....                  (no boots)
Stlth    +.........             (no amulet)
HPRegen  0.16/turn              e - +3 ring of slaying
MPRegen  0.11/turn              i - ring of poison resistance

@: no status effects
A: slimy green scales 1, cold resistance 1
a: no special abilities


You were on level 4 of the Dungeon.
You were not hungry.

You visited 1 branch of the dungeon, and saw 4 of its levels.

You collected 105 gold pieces.

Inventory:

Missiles
 a - 55 arrows
Armour
 b - a +1 robe (worn)
Jewellery
 e - a +3 ring of slaying (left hand)
 i - a ring of poison resistance (right hand)
Scrolls
 f - a scroll of remove curse {unknown}
 k - 5 scrolls of identify {unknown}
Potions
 g - 2 potions of flight
 h - a potion of lignification {unknown}
 j - a potion of resistance
 l - a potion of heal wounds {unknown}
 o - 2 potions of curing {unknown}
Books
 c - a book of Changes

   Spells                             Type                      Level
   a - Beastly Appendage              Transmutation                1
   b - Sticks to Snakes               Transmutation                2
   c - Spider Form                    Transmutation/Poison         3
   d - Ice Form                       Ice/Transmutation            4
   e - Blade Hands                    Transmutation                5
Comestibles
 d - 2 bread rations
 m - a royal jelly
 n - a meat ration


   Skills:
 + Level 3.6 Fighting
 - Level 1.7 Dodging
 + Level 5.1 Unarmed Combat
 - Level 2.0 Spellcasting
 - Level 1.7 Transmutations


You had 8 spell levels left.
You knew the following spells:

 Your Spells              Type           Power        Failure   Level  Hunger
a - Beastly Appendage     Tmut           #.....       11%         1    #......


Dungeon Overview and Level Annotations

Branches:
Dungeon (4/15)
 Temple: D:4-7

Altars:
Ru
Sif Muna

Annotations:
D:4 Sigmund


Innate Abilities, Weirdness & Mutations

You are partially covered in slimy green scales. (AC +2)
Your flesh is cold resistant. (rC+)


Message History

The hound barely misses you. The hound bites you but does no damage.
The hound misses you. The hound closely misses you. The hound misses you.
The hound barely misses you.
The hound stops to sniff the ground.
The hound bites you but does no damage. The hound bites you.
* * * LOW HITPOINT WARNING * * *
The hound bites you.
* * * LOW HITPOINT WARNING * * *
A river rat comes into view.
The hound bites you.
* * * LOW HITPOINT WARNING * * *
A rat comes into view. 2 rats come into view.
The hound closely misses you. The hound bites you.
You die...

###################
#.......@..........
#.#################
#.# #Z# #h##
#.@#******
#.r......#
#r≈......#
#.≈≈r....#
#≈≈≈≈r≈..#
#####≈≈..#
*≈≈≈*≈.≈.#
*≈∩≈+≈≈..#
*≈≈≈+≈≈≈,*


You could see a hound, a river rat, 3 rats and a centaur skeleton.

Vanquished Creatures
  A scorpion (D:4)
  Natasha (D:2)
  2 gnolls (D:3)
  7 adders
  An ooze (D:3)
  A worm (D:3)
  A dart slug (D:1)
  3 orcs
  3 giant cockroaches
  15 goblins
  15 hobgoblins
  17 jackals
  2 quokkas
  8 bats
  A frilled lizard (D:1)
  6 kobolds
  6 rats
  A plant (D:2)
91 creatures vanquished.

Notes
Turn   | Place    | Note
-------+----------+-------------------------------------------
     0 | D:1      | Gerstahl the Demonspawn Transmuter began the quest for the Orb.
     0 | D:1      | Reached XP level 1. HP: 15/15 MP: 3/3
    91 | D:1      | Reached skill level 3 in Unarmed Combat
   284 | D:1      | Gained mutation: Your flesh is cold resistant. (rC+) [demonic ancestry]
   284 | D:1      | Reached XP level 2. HP: 18/21 MP: 3/5
  1277 | D:1      | Reached XP level 3. HP: 25/26 MP: 4/6
  1500 | D:2      | Reached skill level 4 in Unarmed Combat
  1820 | D:2      | Found a deep blue altar of Sif Muna.
  1855 | D:2      | Reached XP level 4. HP: 27/33 MP: 5/7
  2113 | D:2      | Found a sacrificial altar of Ru.
  2437 | D:3      | Noticed Natasha
  2617 | D:2      | Killed Natasha
  2872 | D:3      | Gained mutation: You are partially covered in slimy green scales. (AC +2) [demonic ancestry]
  2872 | D:3      | Reached XP level 5. HP: 21/40 MP: 6/8
  3637 | D:3      | You fall through a shaft!
  3657 | D:4      | Reached skill level 5 in Unarmed Combat
  3657 | D:4      | Reached XP level 6. HP: 20/48 MP: 9/9
  3664 | D:4      | Noticed Sigmund
  3731 | D:4      | HP: 2/48 [hound (4)]
  3735 | D:4      | Slain by a hound

Vault maps used:
D:1:      sevenhm_arrival_forest_fort_small_3, minmay_bisected
D:2:      nicolae_ru_the_path_less_chosen, kennysheep_crisscross, led_sif_pool
D:3:      lemuel_castle_with_subvaults, grunt_temple_overflow_order_and_chaos_2,
          first_bread, minmay_surrounded, uniq_natasha
D:4:      serial_shops, shop_statue, portal_sewer_entry_e, uniq_eustachio,
          uniq_sigmund, uniq_robin

Skill      XL: |  1  2  3  4  5 |
---------------+----------------+-----
Unarmed Combat | 3 4 5 |  5.1
Fighting       | 2 3 |  3.6
Dodging        | |  1.7
Spellcasting   | |  2.0
Transmutations | |  1.7

Action                   |  1- 3 |  4- 6 || total
-------------------------+-------+-------++-------
Melee: Unarmed           |   131 |   169 ||   300
       Kick              |     9 |     6 ||    15
       Punch             |     1 |     4 ||     5
       Headbutt          |     5 |     8 ||    13
 Cast: Beastly Appendage |    15 |    20 ||    35
  Use: Scroll            |       |     3 ||     3
       Potion            |       |     2 ||     2
 Stab: Sleeping          |     2 |       ||     2
  Eat: Chunk             |     3 |     7 ||    10
Armor: Robe              |    36 |    37 ||    73
Dodge: Dodged            |    87 |   121 ||   208

Table legend:
 A = Spawn XP
 B = Non-spawn XP
 C = Spawn XP percentage of total XP
 D = Spawn monster count
 E = Non-spawn monster count
 F = Spawn count percentage of total count
 G = Total turns spent on level
                    A         B        C        D         E        F      G
               +---------+---------+-------+---------+---------+-------+---------
         Total |       0 |     380 |   0.0 |       0 |      90 |   0.0 |  3735
               +---------+---------+-------+---------+---------+-------+---------
           D:1 |       0 |      43 |   0.0 |       0 |      23 |   0.0 |  1451
           D:2 |       0 |     130 |   0.0 |       0 |      30 |   0.0 |  1292
           D:3 |       0 |     132 |   0.0 |       0 |      35 |   0.0 |   894
           D:4 |       0 |      75 |   0.0 |       0 |       2 |   0.0 |    98
               +---------+---------+-------+---------+---------+-------+---------
